 Dungeon Crawl Stone Soup version 0.12.2-35-g1c9f977 (webtiles) character file.

145 HoboGoblin the Vexing (level 4, 0/36 HPs)
             Began as a Naga Enchanter on Sept 14, 2013.
             Slain by a worm (6 damage)
             ... on Level 2 of the Dungeon.
             The game lasted 00:05:10 (1561 turns).

HoboGoblin the Vexing (Naga Enchanter)              Turns: 1561, Time: 00:05:10

HP   0/36        AC  4     Str 11      XL: 4   Next: 44%
MP   8/8         EV 10     Int 16      God:
Gold 62          SH  0     Dex 11      Spells:  2 memorised,  4 levels left

Res.Fire  : . . .   See Invis. : +   s - -2,-3 dagger (curse)
Res.Cold  : . . .   Warding    : .   b - +1 robe
Life Prot.: . . .   Conserve   : .   (no shield)
Res.Poison: +       Res.Corr.  : .   (no helmet)
Res.Elec. : .       Clarity    : .   (no cloak)
Sust.Abil.: . .     Spirit.Shd : .   k - +0 pair of gloves (curse)
Res.Mut.  : .       Stasis     : .   (no barding)
Res.Rott. : .       Ctrl.Telep.: .   (no amulet)
Saprovore : . . .   Flight     : .   (no ring)
                                     (no ring)

@: very slow, slightly resistant to hostile enchantments, fairly stealthy
A: spit poison, see invisible, deformed body, poison resistance, slowness 2, AC
+1
a: Spit Poison


You were on level 2 of the Dungeon.
You were starving.

You visited 1 branch of the dungeon, and saw 2 of its levels.

You collected 42 gold pieces.

Inventory:

Hand weapons
 a - a +1,+1 dagger {=f}
 s - a cursed -2,-3 dagger (weapon)
Missiles
 d - 12 darts (quivered)
Armour
 b - a +1 robe (worn)
 k - a cursed +0 pair of gloves (worn)
Magical devices
 p - a wand of enslavement (11) {unknown}
 r - a wand of digging (5)
Comestibles
 f - 2 bread rations
 h - 2 chunks of quokka flesh
 j - 3 apples
 l - 2 meat rations
 m - a sausage
Scrolls
 g - a scroll of remove curse {unknown}
Jewellery
 e - an uncursed ring of protection from fire
Potions
 o - a potion of agility {unknown}
 q - a potion of curing {unknown}
Books
 c - a book of Maledictions

   Spells                             Type                      Level
   *Corona                            Hexes                        1
   Sure Blade                         Hexes/Charms                 2
   *Ensorcelled Hibernation           Hexes/Ice                    2
   Confuse                            Hexes                        3
   Enslavement                        Hexes                        4
   Invisibility                       Hexes                        6


   Skills:
 - Level 1.0 Short Blades
 - Level 0.8 Throwing
 - Level 1.5 Dodging
 - Level 3.0 Stealth
 * Level 2.7 Stabbing
 * Level 2.4 Spellcasting
 + Level 3.4 Hexes


You had 4 spell levels left.
You knew the following spells:

 Your Spells              Type           Power        Failure   Level  Hunger
a - Corona                Hex            ###.....     6%          1    #......
b - Ensorcelled Hibernat  Hex/Ice        ##.....      17%         2    ##.....


Dungeon Overview and Level Annotations

Branches:
Dungeon (2/27)

Altars:


Innate Abilities, Weirdness & Mutations

You cannot wear boots.
You can spit poison.
Your serpentine skin is tough (AC +1).
You have supernaturally acute eyesight.
Armour fits poorly on your strangely shaped body.
Your system is resistant to poisons.
You cover ground very slowly.


Message History

You have got your breath back.
You are starving!
You see here a club.
The worm closely misses you.
Use which ability? (? or * to list) You're too hungry.
Evoke which item? (* to show all) (? for menu, Esc to quit)
Zapping:
p - a blackened bone wand {zapped: 1} {tried}
Press: ? - help, Shift-Dir - straight line, f/p - worm
Aim: a worm (almost dead)
The worm resists.
You hit the worm but do no damage.
The worm is almost dead.
The worm closely misses you.
You hit the worm.
The worm is almost dead.
You hit the worm.
The worm is almost dead.
The worm bites you.
You die...

#)# #...#...
...... #.#
#...#.. ######
#.# #......
#.#####[#.#.#
#.........#.#
#######.#.#.#
##...#.###
#######<.........
#....@w..#.#.####
###.####..).....#
#...####.#..#.#
###.####......##
#..............#
##♣♣♣♣##.##....#
♣≈≈≈≈≈PPP...#
♣PP≈≈PP≈PP...##
≈≈≈≈≈PP≈≈PP%.#


You could see a worm.

Vanquished Creatures
  Ijyb (D:2)
  An adder (D:2)
  A gnoll (D:1)
  A giant mite (D:1)
  A worm (D:1)
  A giant gecko (D:1)
  3 bats
  5 goblins (D:1)
  7 hobgoblins
  A quokka (D:2)
  2 jackals (D:2)
  7 kobolds
  2 rats (D:1)
33 creatures vanquished.

Notes
Turn   | Place    | Note
--------------------------------------------------------------
     0 | D:1      | HoboGoblin, the Naga Enchanter, began the quest for the Orb.
     0 | D:1      | Reached XP level 1. HP: 15/15 MP: 3/3
   289 | D:1      | Reached XP level 2. HP: 17/22 MP: 4/4
   293 | D:1      | Learned a level 2 spell: Ensorcelled Hibernation
   676 | D:1      | Reached XP level 3. HP: 24/28 MP: 6/6
  1207 | D:1      | Reached XP level 4. HP: 24/36 MP: 1/8
  1277 | D:2      | Noticed Ijyb
  1295 | D:2      | Killed Ijyb
  1561 | D:2      | Slain by a worm

Action                   |  1- 3 |  4- 6 || total
-------------------------+-------+-------++-------
Melee: Dagger            |    77 |    63 ||   140
 Cast: Ensorcelled Hiber |     1 |     4 ||     5
 Abil: Spit Poison       |    11 |    13 ||    24
Evoke: Wand              |       |     2 ||     2
  Use: Scroll            |       |     4 ||     4
 Stab: Sleeping          |     3 |     2 ||     5
